 Dungeon Crawl Stone Soup version 0.30-a0-743-gbfdf073431 (webtiles) character file.

Game seed: 3778789015059304959

308 porpoise the Chopper (level 6, -2/56 HPs)
             Began as a Hill Orc Monk on Feb 7, 2023.
             Slain by a bullfrog (4 damage)
             ... in a sewer.
             The game lasted 00:09:39 (2148 turns).

porpoise the Chopper (Hill Orc Monk)                Turns: 2148, Time: 00:09:40

Health: -2/56      AC:  5    Str: 13 (16) XL:     6   Next: 40%
Magic:  6/6        EV:  8    Int:  9 (10) God:
Gold:   86         SH:  0    Dex: 11 (13) Spells: 3/5 levels left

rFire   + . .      SeeInvis .    a - +0 hand axe
rCold   + . .      Faith    .    (no shield)
rNeg    . . .      Spirit   .    d - +0 ring mail
rPois   +          Reflect  .    (no helmet)
rElec   +          Harm     .    (no cloak)
rCorr   +          Rampage  .    (no gloves)
Will    .....                    (no boots)
Stlth   +                        (no amulet)
HPRegen 0.29/turn                (no ring)
MPRegen 0.10/turn                (no ring)

@: resistant, attractive, constricted
A: no striking features
a: no special abilities


You were in a sewer.
You visited 1 branch of the dungeon, and saw 3 of its levels.
You also visited: Sewer.

You collected 86 gold pieces.

Inventory:

Hand Weapons
 a - a +0 hand axe (weapon)
 h - a +0 trident
Armour
 d - a +0 ring mail (worn)
Scrolls
 b - a scroll of immolation
 i - a scroll of magic mapping {unknown}
Potions
 c - a potion of ambrosia
 e - 4 potions of flight
 f - 2 potions of cancellation
 j - a potion of haste
 l - a potion of curing
 q - a potion of invisibility {unknown}


   Skills:
 + Level 5.2 Fighting
 + Level 5.7 Axes
 + Level 3.5 Dodging
 + Level 3.1 Stealth


You had 3 spell levels left.
You knew the following spells:

 Your Spells              Type           Power      Damage    Failure   Level
k - Blink                 Tloc           0%         N/A       80%         2

Your spell library contained the following spells:

 Spells                   Type           Power      Damage    Failure   Level
 Magic Dart               Conj           0%         1d3       65%         1
 Call Imp                 Summ           0%         N/A       80%         2
 Lesser Beckoning         Tloc           0%         N/A       80%         2
 Momentum Strike          Conj/Tloc      0%         3d8       80%         2
 Mephitic Cloud           Conj/Pois/Air  0%         N/A       95%         3


Dungeon Overview and Level Annotations

Branches:
Dungeon (3/15)              Sewer (1/1)

Altars:


Message History

You closely miss the bullfrog. You hit the bullfrog. The ball python bites you.
The ball python constricts you. The bullfrog hits you. x2
You are too injured to fight recklessly!
It was a potion of degeneration.
There was something very wrong with that liquid.
You feel weakened.
You feel dopey.
You feel clumsy.
The bullfrog hits you but does no damage.
The bullfrog hits you. The ball python closely misses you.
The ball python constricts you.
The bullfrog hits you but does no damage. x2
The ball python bites you. The ball python constricts you.
It was a potion of attraction.
You feel attractive to monsters. The bullfrog hits you. x2
* * * LOW HITPOINT WARNING * * *
The ball python bites you.
* * * LOW HITPOINT WARNING * * *
The ball python constricts you.
It was a potion of resistance.
You feel protected. The bullfrog hits you.
* * * LOW HITPOINT WARNING * * *
The bullfrog hits you but does no damage.
The frilled lizard closely misses you.
The ball python bites you but does no damage.
The ball python constricts you.
* * * LOW HITPOINT WARNING * * *
The bullfrog hits you but does no damage.
The bullfrog hits you.
* * * LOW HITPOINT WARNING * * *
Okay, then.
As you read the scroll labelled XUFEJI TAROFETIT, it crumbles to dust.
The scroll dissolves into smoke.
It was a scroll of fog.
The bullfrog hits you.
* * * LOW HITPOINT WARNING * * *
The ball python barely misses you. The ball python constricts you.
The bullfrog hits you but does no damage.
The frilled lizard barely misses you.
It was a potion of magic.
Magic courses through your body. The bullfrog hits you.
You die...

.....#
#.lF...#
.....#
#...~..#
≈≈≈~≈#
#≈≈#~≈~#
≈≈~~~#
#≈~~≈≈≈#
≈≈~~≈#
#≈≈~≈≈≈#
≈~~≈~#
#≈≈~~≈≈#
~~~~≈#
#≈≈§§#§#
~≈≈≈≈#
#≈≈§FF§#
~~≈≈≈#
#≈≈§S@§#
~..~≈#
#≈≈§l§§#
..[.≈#
#≈≈§§§≈#
.~~†≈#
#≈≈≈~#≈#
≈~≈~~#
#≈≈≈~~≈#
≈≈≈≈~#
#≈≈~~~≈#
~≈†~~#
#≈~~~~≈#
~~†~≈#
#≈≈~~≈~#
≈†≈≈≈#
#####~~~~≈~#


You could see 2 bullfrogs, a ball python and a frilled lizard.

Vanquished Creatures
  Sigmund (D:2)
  An adder (D:3)
  6 river rats
  A dart slug (D:1)
  8 orcs (D:3)
  3 endoplasms
  3 giant cockroaches
  2 hobgoblins
  2 jackals (D:1)
  6 kobolds
  A quokka (D:1)
  15 ball pythons
  5 bats (D:1)
  6 frilled lizards
  A goblin (D:1)
  29 rats
90 creatures vanquished.

Notes
Turn   | Place    | Note
-------+----------+-------------------------------------------
     0 | D:1      | porpoise the Hill Orc Monk began the quest for the Orb.
     0 | D:1      | Reached XP level 1. HP: 19/19 MP: 1/1
    83 | D:1      | You fall into a shaft and drop 1 floor!
   219 | D:1      | Reached XP level 2. HP: 26/27 MP: 2/2
   319 | D:1      | Found a faded altar of an unknown god.
   489 | D:1      | Reached XP level 3. HP: 33/33 MP: 3/3
   921 | D:2      | Learned a level 2 spell: Blink
  1177 | D:2      | Noticed Sigmund
  1190 | D:2      | Killed Sigmund
  1191 | D:2      | Reached skill level 5 in Axes
  1191 | D:2      | Reached XP level 4. HP: 38/41 MP: 4/4
  1191 | D:2      | Reached XP level 5. HP: 44/47 MP: 5/5
  1397 | D:3      | Reached skill level 5 in Fighting
  1428 | D:3      | Found a glowing drain.
  1439 | D:3      | Reached XP level 6. HP: 56/56 MP: 6/6
  1471 | Sewer    | Entered a sewer
  2147 | Sewer    | HP: 1/56 [bullfrog (6)]
  2148 | Sewer    | Slain by a bullfrog

Illustrated notes

Levels and vault maps discovered:
D:1:      elethiomel_arrival_quiet, layout_basic,
          hellmonk_ecumenical_altar_arch_garden, minmay_pentomino_q2
D:2:      layout_loops_ring, uniq_sigmund
D:3:      layout_rooms, serial_shops, shop, nicolae_shop_hallway_plus,
          nicolae_shop_temple_entry_statues_fountains, portal_sewer_entry_a
Sewer:    sewer_minmay_w

Skill      XL: |  1  2  3  4  5 |
---------------+----------------+-----
Stealth        | 2 3 |  3.1
Fighting       | 4 5 |  5.2
Axes           | 5 |  5.7
Dodging        | 3 |  3.5

Action                     |  1- 3 |  4- 6 || total
---------------------------+-------+-------++-------
  Melee: Hand axe          |    93 |   158 ||   251
         Punch             |     1 |       ||     1
  Throw: Dart              |     5 |     3 ||     8
    Use: Scroll            |     5 |     3 ||     8
         Potion            |     1 |     4 ||     5
   Stab: Sleeping          |     1 |     1 ||     2
 Armour: Ring mail         |    50 |    53 ||   103
  Dodge: Dodged            |    56 |    82 ||   138

Table legend: (Time is in decaauts)
 A = Elapsed time spent in this place.
 B = Non-inter-level travel time spent in this place.
 C = Inter-level travel time spent in this place.
 D = Time resting spent in this place.
 E = Time spent auto-exploring this place.
 F = Levels seen in this place.
 G = Mean time per level.
                   A        B        C        D        E       F      G
               +--------+--------+--------+--------+--------+-----+--------+
         Total |   2227 |   2133 |     94 |    419 |    857 |   4 |  556.8 |
       Dungeon |   1493 |   1399 |     94 |    122 |    819 |   3 |  497.7 |
         Sewer |    733 |    733 |      0 |    297 |     38 |   1 |  733.0 |
               +--------+--------+--------+--------+--------+-----+--------+

Top non-repeatable levels by time:
     D:1: 742 daAuts
   Sewer: 733 daAuts
     D:2: 665 daAuts
     D:3: 85 daAuts
